 Dungeon Crawl Stone Soup version 0.18-a0-425-ge088ad1 (console) character file.

42795 bli the Thaumaturge (level 13, -8/95 HPs)
             Began as a Demonspawn Ice Elementalist on Nov 30, 2015.
             Was the Champion of Makhleb.
             Mangled by Rupert
             ... wielding a +2 great mace of venom
              (34 damage)
             ... on level 3 of the Lair of Beasts.
             The game lasted 02:10:50 (16554 turns).

bli the Thaumaturge (Demonspawn Ice Elementalist)  Turns: 16554, Time: 02:10:51

Health: -8/95      AC: 18    Str: 18    XL:     13   Next: 87%
Magic:  22/26      EV: 17    Int: 24    God:    Makhleb [******]
Gold:   614        SH:  0    Dex: 16    Spells: 9 memorised, 0 levels left

rFire  . . .     SeeInvis .     a - +4 demon whip (vamp)
rCold  . . .     Clarity  .     P - +5 ring mail "Nanwileta" {Regen+ Int+7 Dex+3}
rNeg   . . .     SustAt   .     (no shield)
rPois  .         Gourm    +     q - +1 helmet
rElec  .         Spirit   .     L - +0 cloak
rCorr  .         Dsmss    .     (no gloves)
rMut   .         Stasis   .     (boots unavailable)
MR     .....                    V - amulet of the gourmand
Stlth  +.........               W - +3 ring of strength
                                w - +2 ring of evasion

@: mighty, lethally poisoned (-8 -> -12), not resistant to hostile enchantments,
very unstealthy
A: hooves 3, thin metallic scales 2, breathe flames 1, clumsy 2, demonic
guardian 1, powered by pain 2, wild magic 1
a: Minor Destruction, Lesser Servant of Makhleb, Major Destruction, Greater
Servant of Makhleb, Renounce Religion, Breathe Fire


You were on level 3 of the Lair of Beasts.
You worshipped Makhleb.
Makhleb was exalted by your worship.
You were very full.

You visited 3 branches of the dungeon, and saw 15 of its levels.
You also visited: Sewer and Bailey.

You collected 698 gold pieces.
You spent 84 gold pieces at shops.

Inventory:

Hand Weapons
 a - a +4 vampiric demon whip (weapon)
 b - a +1 dagger of protection
 K - a +3 quarterstaff of chaos
Armour
 f - a +2 robe of positive energy
 q - a +1 helmet (worn)
 G - a +2 leather armour of fire resistance
 L - a +0 cloak (worn)
 P - the +5 ring mail "Nanwileta" (worn) {Regen+ Int+7 Dex+3}
   (You found it on level 5 of the Dungeon)

   It affects your intelligence (+7).
   It affects your dexterity (+3).
   It increases your rate of regeneration.
Jewellery
 e - an uncursed amulet of stasis
 w - a +2 ring of evasion (left hand)
 y - an uncursed ring of fire
 V - an amulet of the gourmand (around neck)
 W - a +3 ring of strength (right hand)
Wands
 x - a wand of magic darts (34)
 B - a wand of flame (23)
 F - a wand of lightning (9)
 H - a wand of confusion (24)
 T - a wand of lightning (0)
 X - a wand of heal wounds (2)
 Y - a wand of enslavement (5)
Scrolls
 k - 4 scrolls of blinking {unknown}
 l - 11 scrolls of teleportation
 o - 5 scrolls of remove curse
 p - 3 scrolls of noise {unknown}
 s - 2 scrolls of random uselessness {unknown}
 t - 2 scrolls of brand weapon
 u - a scroll of recharging
 v - 4 scrolls of fear {unknown}
 D - 2 scrolls of enchant armour
 O - 3 scrolls of magic mapping {unknown}
 Q - 4 scrolls of amnesia
Potions
 d - a potion of degeneration {unknown}
 g - 3 potions of invisibility
 i - 6 potions of curing
 j - a potion of brilliance
 m - 6 potions of might {unknown}
 n - a potion of ambrosia
 r - a potion of haste
 z - 5 potions of heal wounds
 E - a potion of agility
 I - a potion of cancellation
 J - 6 potions of flight
 M - 2 potions of magic {unknown}
 N - a potion of berserk rage
 U - 2 potions of resistance
Books
 R - the Grimoire of Noxious Combat Magic
   (You found it in a bailey)

   Spells                             Type                      Level
   a - Sting                          Conjuration/Poison           1
   b - Cure Poison                    Poison                       2
   c - Venom Bolt                     Conjuration/Poison           5
   d - Iron Shot                      Conjuration/Earth            6
 S - a book of Hinderance

   Spells                             Type                      Level
   a - Confusing Touch                Hexes                        2
   b - Confuse                        Hexes                        3
   c - Gell's Gravitas                Hexes/Translocation          3
   d - Petrify                        Transmutation/Earth          4
   e - Metabolic Englaciation         Hexes/Ice                    5
   f - Yara's Violent Unravelling     Hexes/Transmutation          5
Comestibles
 c - 10 bread rations
 h - 3 meat rations
 C - 28 fruits
 Z - 2 royal jellies


   Skills:
 * Level 6.9 Fighting
 - Level 1.8 Short Blades
 * Level 4.2(4.6) Maces & Flails
 + Level 2.5(3.7) Staves
 + Level 7.0 Armour
 + Level 6.7 Dodging
 + Level 2.9 Stealth
 - Level 2.0 Unarmed Combat
 + Level 9.8 Spellcasting
 * Level 6.8 Conjurations
 + Level 0.4 Hexes
 - Level 7.0 Ice Magic
 * Level 8.5 Earth Magic
 + Level 2.2 Poison Magic
 + Level 9.2 Invocations
 + Level 1.2 Evocations


You couldn't memorise any spells.
You knew the following spells:

 Your Spells              Type           Power        Failure   Level  Hunger
a - Freeze                Ice            ####         2%          1    None
b - Throw Frost           Conj/Ice       ######       3%          2    None
c - Iron Shot             Conj/Erth      ######....   77%         6    ######.
d - Shatter               Erth           ######....   100%        9    #######
h - Ensorcelled Hibernat  Hex/Ice        #####.       7%          2    None
i - Throw Icicle          Conj/Ice       ######..     16%         4    #......
s - Sting                 Conj/Pois      ####         4%          1    None
P - Cure Poison           Pois           ####......   13%         2    None
S - Condensation Shield   Ice            ######....   13%         4    #......


Dungeon Overview and Level Annotations

Branches:
Dungeon (11/15)            Temple (1/1) D:7            Lair (3/8) D:8
  Swamp: Lair:3-6    Shoals: Lair:3-6     Snake: Lair:3-6    Spider: Lair:3-6
    Orc: D:9-12

Altars:
Fedhas
Gozag
Kikubaaqudgha
Makhleb
Qazlal
Ru
Sif Muna
Trog
Vehumet
Xom
Yredelemnul

Shops:
D:4 :   D:8 !

Annotations:
Lair:3 Rupert


Innate Abilities, Weirdness & Mutations

You have hooves in place of feet.
You are mostly covered in thin metallic scales (AC +3).
A weak demonic guardian rushes to your aid.
You sometimes gain power by taking damage.
You can breathe flames.
You are very clumsy. (Dex -4)
Your spells are a little harder to cast, but a little more powerful.


Message History

You feel sick.
Rupert hits you with a great mace of venom!
* * * LOW HITPOINT WARNING * * *
You focus on the pain.
You feel very mighty all of a sudden.
Your orange demon stings the yak!
Your orange demon hits the yak.
The yak looks weaker.
The yak gores your orange demon.
Your hellwing hits Rupert.
Your hellwing barely misses Rupert.
Your crimson imp blinks!
You feel sick.
Casting: Sting
Confirm with . or Enter, or press ? or * to list all spells.
Aiming: Throw Icicle
Press: ? - help, Shift-Dir - straight line, f/p - Rupert
Aim: Rupert, wielding a great mace of venom and wearing a chain mail (severely wounded, berserk, fast, unusually strong, poisoned)
The shard of ice hits Rupert.
Rupert is severely wounded.
You feel sick.
Rupert hits you with a great mace of venom!!
You die...

$.## .... . ... ..
##.. ....
###..##....
#P.$..ยง....
#.4.Y..... ...
#.4.........#.. ##
#@#.P#......#..##.
##@............P.#.
#...........##.....
##..................
#............#......
#...............##..
##...............#.#
#..................
#..................
#..................
##.................
#.............#...


You could see Rupert (berserk), a friendly orange demon and a friendly hellwing.

Vanquished Creatures
  An orc warlord (Bailey)
  Snorg (D:10)
  The ghost of Avanven the Brawler, a journeyman TrMo of Qazlal (D:11)
  A hydra (Lair:2)
  Erolcha (D:9)
  Urug (Lair:2)
  The ghost of Alethiolet the Nimble, a novice KoHu of Fedhas (Lair:1)
  The ghost of fotsohgehT the Carver, a novice DEBe of Trog (Lair:1)
  An unseen horror (D:11)
  A hill giant (D:10)
  Pikel (D:5)
  An orc knight (Bailey)
  2 ugly things (D:11)
  A centaur zombie (D:9)
  Joseph (D:8)
  2 komodo dragons
  4 spiny frogs
  3 trolls
  3 blink frogs (Lair:3)
  19 yaks
  Sigmund (D:6)
  A wyvern (D:9)
  3 deep elf magi
  A wraith (D:9)
  Eustachio (D:6)
  A basilisk (Lair:1)
  2 hungry ghosts
  2 hippogriffs
  Edmund (D:4)
  8 wolves (Lair:3)
  2 water moccasins
  2 phantoms
  2 black bears
  3 orc warriors
  5 sky beasts
  A wasp (D:11)
  2 ice beasts
  3 slaves (D:5)
  A necrophage (D:8)
  11 centaurs
  5 ogres
  3 crocodiles
  3 big kobolds
  5 giant frogs
  A scorpion (D:11)
  4 killer bees
  7 wights
  A quasit (D:6)
  An electric eel (Lair:3)
  8 crimson imps
  5 human zombies (D:9)
  12 orc wizards
  Crazy Yiuf (D:4)
  5 orc priests
  6 hounds
  2 human skeletons (D:9)
  11 worker ants
  2 giant frog skeletons
  4 iguanas
  An ogre zombie (D:9)
  19 sheep
  A hound skeleton (D:4)
  3 worker ant zombies
  6 gnolls
  14 adders
  26 river rats
  2 oozes (D:5)
  An adder skeleton (D:6)
  4 worms
  3 giant geckos
  35 orcs
  3 ball pythons
  5 giant cockroaches
  6 hobgoblins
  26 kobolds
  4 quokkas
  6 bats
  2 giant gecko skeletons
  A giant gecko zombie (D:9)
  2 giant newts
  19 goblins
  13 jackals
  18 rats
406 creatures vanquished.

Vanquished Creatures (collateral kills)
  The ghost of braks the Reanimator, a novice DDNe of Makhleb (D:8)
  A two-headed ogre (D:8)
  A water moccasin (D:5)
  A centaur (D:7)
  2 ogres (D:6)
  A necrophage (D:8)
  A slave (D:5)
  A scorpion (D:5)
  An orc wizard (D:4)
  2 orc priests
  A hound skeleton (D:6)
  2 gnolls
  5 orcs
  2 goblins
22 creatures vanquished.

Vanquished Creatures (others)
  A troll zombie (D:9)
  An orc (D:4)
  8 plants
10 creatures vanquished.

Grand Total: 438 creatures vanquished

Notes
Turn   | Place    | Note
--------------------------------------------------------------
     0 | D:1      | bli the Demonspawn Ice Elementalist began the quest for the Orb.
     0 | D:1      | Reached XP level 1. HP: 13/13 MP: 3/3
   609 | D:1      | Gained mutation: You sometimes gain a little power by taking damage. [demonic ancestry]
   609 | D:1      | Reached XP level 2. HP: 16/19 MP: 0/5
  1153 | D:2      | Gained mutation: You have large cloven feet. [demonic ancestry]
  1153 | D:2      | Reached XP level 3. HP: 20/24 MP: 5/7
  1216 | D:2      | Found a burning altar of Makhleb.
  1224 | D:2      | Became a worshipper of Makhleb the Destroyer
  1516 | D:2      | Reached skill level 3 in Spellcasting
  1933 | D:2      | Reached * piety under Makhleb
  2304 | D:3      | Gained mutation: A weak demonic guardian rushes to your aid. [demonic ancestry]
  2304 | D:3      | Reached XP level 4. HP: 26/31 MP: 6/8
  2583 | D:3      | Reached skill level 1 in Fighting
  2972 | D:3      | Reached XP level 5. HP: 31/37 MP: 2/10
  3043 | D:3      | Reached skill level 4 in Spellcasting
  3051 | D:3      | Learned a level 2 spell: Throw Frost
  3775 | D:3      | Reached ** piety under Makhleb
  4147 | D:4      | Gained mutation: You are partially covered in thin metallic scales (AC +2). [demonic ancestry]
  4147 | D:4      | Reached XP level 6. HP: 12/43 MP: 3/12
  4307 | D:4      | Reached skill level 1 in Unarmed Combat
  4307 | D:4      | Reached skill level 1 in Invocations
  4335 | D:4      | Found a stormy altar of Qazlal.
  4337 | D:4      | Noticed a fire elemental
  4338 | D:4      | Noticed an air elemental
  4338 | D:4      | Noticed a water elemental
  4482 | D:4      | Noticed Edmund
  4498 | D:4      | Killed Edmund
  4498 | D:4      | Reached XP level 7. HP: 30/49 MP: 1/14
  4519 | D:4      | Found Buuvejid's Book Boutique.
  4558 | D:4      | Found a glowing drain.
  4566 | Sewer    | Entered a sewer
  4708 | Sewer    | Found a glowing silver altar of Zin.
  5076 | D:4      | Noticed Crazy Yiuf
  5093 | D:4      | Killed Crazy Yiuf
  5413 | D:4      | Found an opulent altar of Gozag.
  5414 | D:4      | Found an ancient bone altar of Kikubaaqudgha.
  5776 | D:5      | Entered Level 5 of the Dungeon
  5780 | D:5      | Reached skill level 5 in Spellcasting
  5825 | D:5      | Reached XP level 8. HP: 51/56 MP: 8/15
  5847 | D:5      | Reached *** piety under Makhleb
  5849 | D:5      | Noticed Pikel
  5871 | D:5      | Reached skill level 5 in Ice Magic
  5886 | D:5      | Found a bloodstained altar of Trog.
  6239 | D:5      | Found a blossoming altar of Fedhas.
  6323 | D:5      | Got a warped ring mail
  6361 | D:5      | Identified the +5 ring mail "Nanwileta" {Regen+ Int+7 Dex+3} (You found it on level 5 of the Dungeon)
  6395 | D:5      | Killed Pikel
  6395 | D:5      | Reached skill level 1 in Armour
  6395 | D:5      | Reached skill level 6 in Spellcasting
  6706 | D:6      | Reached skill level 1 in Short Blades
  6756 | D:6      | Noticed Sigmund
  6765 | D:6      | Killed Sigmund
  6765 | D:6      | Reached XP level 9. HP: 62/62 MP: 12/18
  6856 | D:6      | Reached skill level 5 in Invocations
  6865 | D:6      | Noticed Eustachio
  6881 | D:6      | Killed Eustachio
  7044 | D:6      | Reached **** piety under Makhleb
  7291 | D:7      | Found a staircase to the Ecumenical Temple.
  7746 | D:8      | Reached skill level 7 in Spellcasting
  7919 | D:8      | Found a flagged portal.
  7921 | D:8      | Noticed braks's ghost (novice DDNe)
  7942 | D:8      | Killed braks's ghost
  7960 | D:8      | Noticed Joseph
  7978 | D:8      | Killed Joseph
  7978 | D:8      | Gained mutation: You have hoof-like feet. [demonic ancestry]
  7978 | D:8      | Reached XP level 10. HP: 37/70 MP: 17/21
  8048 | Bailey   | Entered a bailey
  8065 | Bailey   | Noticed an orc warlord
  8084 | Bailey   | Reached ***** piety under Makhleb
  8237 | Bailey   | Noticed an orc knight
  8263 | Bailey   | Killed an orc knight
  8263 | Bailey   | Reached skill level 5 in Dodging
  8296 | Bailey   | Learned a level 4 spell: Condensation Shield
  8367 | Bailey   | Found a runed gate.
  8369 | Bailey   | Found a runed gate.
  8371 | Bailey   | Found a runed gate.
  8694 | Bailey   | HP: 2/70 [orc warlord/war axe (15)]
  8728 | Bailey   | Killed an orc warlord
  8728 | Bailey   | Reached skill level 5 in Armour
  8780 | Bailey   | Identified the Grimoire of Noxious Combat Magic (You found it in a bailey)
  8994 | D:8      | Found Istunic's Distillery.
  9000 | D:8      | Bought a potion of poison for 14 gold pieces
  9000 | D:8      | Bought a potion of heal wounds for 70 gold pieces
  9109 | D:8      | Reached skill level 1 in Evocations
  9125 | D:8      | Found a staircase to the Lair.
  9254 | Lair:1   | Entered Level 1 of the Lair of Beasts
  9262 | Lair:1   | Reached skill level 8 in Spellcasting
  9326 | D:8      | Learned a level 2 spell: Cure Poison
  9331 | D:8      | Learned a level 4 spell: Throw Icicle
  9333 | D:8      | Learned a level 1 spell: Sting
  9353 | Lair:1   | Noticed fotsohgehT's ghost (novice DEBe)
  9792 | D:7      | Reached skill level 1 in Poison Magic
 10230 | Temple   | Entered the Ecumenical Temple
 10261 | Temple   | Reached skill level 5 in Conjurations
 10261 | Temple   | Reached skill level 9 in Invocations
 10261 | Temple   | Gained mutation: You have hooves in place of feet. [demonic ancestry]
 10261 | Temple   | Reached XP level 11. HP: 75/79 MP: 23/23
 10269 | Temple   | Learned a level 6 spell: Iron Shot
 10269 | Temple   | Gained mutation: You are mostly covered in thin metallic scales (AC +3). [demonic ancestry]
 10269 | Temple   | Reached XP level 12. HP: 86/86 MP: 24/24
 10562 | D:9      | Found a sacrificial altar of Ru.
 10599 | D:9      | Noticed Erolcha
 10625 | D:9      | Killed Erolcha
 10727 | D:9      | Gained mutation: You sometimes gain power by taking damage. [demonic ancestry]
 10727 | D:9      | Reached XP level 13. HP: 91/91 MP: 18/25
 10794 | D:9      | Found a basalt altar of Yredelemnul.
 11544 | D:9      | Found a shimmering altar of Xom.
 11548 | D:9      | Found a bloodstained altar of Trog.
 11691 | D:10     | Entered Level 10 of the Dungeon
 11956 | D:10     | Reached skill level 1 in Maces & Flails
 12032 | D:10     | Gained mutation: You are clumsy. (Dex -2) [mutagenic meat]
 12033 | D:10     | Gained mutation: You are very clumsy. (Dex -4) [mutagenic meat]
 12034 | D:10     | Gained mutation: Your spells are a little harder to cast, but a little more powerful. [mutagenic meat]
 12035 | D:10     | Gained mutation: You can breathe flames. [mutagenic meat]
 12257 | D:10     | Noticed Snorg
 12272 | D:10     | HP: 3/91 [Snorg (11)]
 12274 | D:10     | Killed Snorg
 13059 | D:10     | Reached ****** piety under Makhleb
 13119 | D:11     | Noticed Avanven's ghost (journeyman TrMo)
 13134 | D:11     | Killed Avanven's ghost
 14487 | Lair:1   | Killed fotsohgehT's ghost
 14653 | Lair:1   | Noticed Alethiolet's ghost (novice KoHu)
 14658 | Lair:1   | Killed Alethiolet's ghost
 15222 | Lair:2   | Learned a level 9 spell: Shatter
 15299 | Lair:2   | Noticed Urug
 15311 | Lair:2   | Killed Urug
 15484 | Lair:2   | Learned a level 2 spell: Ensorcelled Hibernation
 16540 | Lair:3   | Noticed Rupert
 16554 | Lair:3   | Mangled by Rupert

Vault maps used:
D:1:      dpeg_arrival_ratfight
D:2:      bloody_makhleb
D:4:      kennysheep_spiral_hall, nicolae_qazlal_style_of_elements, minitemple,
          lightli_sewer_entry_pipes, serial_shops, shop, uniq_edmund,
          uniq_crazy_yiuf_cottage
D:5:      fedhas_altar_2, first_bread, trog_three_pillars_becter, uniq_pikel
D:6:      uniq_eustachio, uniq_sigmund
D:7:      temple_doors_e
D:8:      david_lair_shrubbed, serial_corexii_hall, corexii_hall_statues_s,
          corexii_hall_statues_t, enter_bailey_3, serial_shops, shop,
          uniq_joseph
D:9:      lemuel_mausoleum_altar_yredelemnul, nicolae_overflow_hidden_temple,
          nicolae_ru_sacrificial_ziggurat, uniq_erolcha
D:10:     uniq_snorg
D:11:     blue_anna_alchemist, dk_noncrumbling_3
Temple:   triangle_lava_temple_11
Lair:1:   grunt_megastairs_4, serial_bayou_shore_b
Lair:2:   minivault_19, grunt_megastairs_5, infiniplex_staircase_pool_2,
          uniq_urug
Lair:3:   infiniplex_staircase_pool, uniq_rupert
Sewer:    sewer_kobolds
Bailey:   bailey_axe_bossmonster_kennysheep, bailey

Action                   |  1- 3 |  4- 6 |  7- 9 | 10-12 | 13-15 || total
-------------------------+-------+-------+-------+-------+-------++-------
Melee: Unarmed           |   112 |   107 |    66 |       |       ||   285
       Dagger            |       |       |   210 |    56 |       ||   266
       Quarterstaff      |       |       |       |    38 |    72 ||   110
       Demon whip        |       |       |       |       |   582 ||   582
Throw: Stone             |       |       |       |     1 |       ||     1
 Cast: Freeze            |    58 |    87 |   127 |    69 |    39 ||   380
       Throw Frost       |       |    12 |    30 |    87 |    33 ||   162
       Sting             |       |       |       |    44 |   197 ||   241
       Condensation Shie |       |       |       |     5 |    12 ||    17
       Throw Icicle      |       |       |       |     3 |    34 ||    37
       Cure Poison       |       |       |       |     1 |     2 ||     3
       Ensorcelled Hiber |       |       |       |       |     3 ||     3
Invok: Minor Destruction |       |       |     3 |       |     1 ||     4
       Major Destruction |       |       |     1 |     7 |     8 ||    16
       Lesser Servant of |       |       |     1 |       |     2 ||     3
Evoke: Wand              |       |       |       |     6 |       ||     6
  Use: Potion            |       |     3 |       |     3 |     2 ||     8
       Scroll            |       |       |     3 |     9 |     8 ||    20
 Stab: Sleeping          |     9 |     2 |     2 |       |     2 ||    15
       Distracted        |     2 |       |       |       |     5 ||     7
       Paralysed         |       |       |       |     4 |       ||     4
       Confused          |       |       |       |       |     2 ||     2
  Eat: Chunk             |     4 |     8 |    12 |    10 |    34 ||    68
       Pizza             |       |       |       |       |     3 ||     3
       Meat ration       |       |       |       |       |     1 ||     1
       Bread ration      |       |       |       |       |     1 ||     1
